 Dungeon Crawl Stone Soup version 0.29.0-4-gdea44cf6ec (webtiles) character file.

Game seed: 15126308879943118386

1271 qw the Ruffian (level 8, -7/74 HPs)
             Began as a Troll Cinder Acolyte on Sept 2, 2022.
             Was an Elder of Ignis.
             Mangled by a hornet (8 damage)
             ... on level 6 of the Dungeon.
             The game lasted 00:02:20 (4243 turns).

qw the Ruffian (Troll Cinder Acolyte)               Turns: 4243, Time: 00:02:21

Health: -7/74      AC: 13    Str: 29    XL:     8   Next: 28%
Magic:  8/8        EV:  8    Int:  9    God:    Ignis [****..]
Gold:   397        SH: 11    Dex:  4    Spells: 9/9 levels left

rFire   + + +      SeeInvis .     - Unarmed
rCold   . . .      Faith    .   c - +0 kite shield
rNeg    + . .      Spirit   .   h - +1 robe {rN+}
rPois   .          Reflect  .   (helmet restricted)
rElec   .          Harm     .   j - +0 cloak
rCorr   .          Rampage  .   (gloves unavailable)
Will    +....                   (boots unavailable)
Stlth   +.........              (no amulet)
HPRegen 1.02/turn               e - ring of protection from fire
MPRegen 0.11/turn               d - ring of willpower

@: lethally poisoned (-7 -> -13), about to teleport, fiery-armoured, slowed,
very slow
A: large, unfitting armour, claws 3, regeneration 1, shaggy fur 1, tough skin 1,
large bone plates 1, fire resistance 1, strong 1
a: Renounce Religion, Fiery Armour, Foxfire Swarm, Rising Flame


You were on level 6 of the Dungeon.
You worshipped Ignis.
Ignis was greatly pleased with you.
You visited 1 branch of the dungeon, and saw 6 of its levels.

You collected 397 gold pieces.


Innate Abilities, Weirdness & Mutations

You are too large for most types of armour.
You have claws for hands.
Your natural rate of healing is unusually fast.
You are covered in fur. (AC +1)
You have tough skin. (AC +1)
You are partially covered in large bone plates. (SH +4)
Your flesh is heat resistant. (rF+)
Your muscles are strong. (Str +4, Int/Dex -1)


   Skills:
 - Level 2.4 Fighting
 - Level 1.0 Throwing
 - Level 6.1 Shields
 + Level 7.8 Unarmed Combat
 - Level 1.0 Spellcasting
 - Level 2.1 Fire Magic


You had 9 spell levels left.
You didn't know any spells.
Your spell library contained the following spells:

 Spells                   Type           Power      Damage    Failure   Level
 Scorch                   Fire           8%         2d5       43%         2

Inventory:

Missiles
 i - 2 silver boomerangs (quivered)
Armour
 c - a +0 kite shield (worn)
 h - a +1 robe of positive energy (worn)
 j - a +0 cloak (worn)
Jewellery
 d - a ring of willpower (right claw)
 e - a ring of protection from fire (left claw)
Scrolls
 k - a scroll of teleportation
 Y - 2 scrolls of identify
Potions
 a - a potion of cancellation
 b - a potion of invisibility {unknown}
 g - a potion of mutation

Dungeon Overview and Level Annotations

Branches:
Dungeon (6/15)
 Temple: D:4-7

Altars:
Dithmenos
Elyvilon
Wu Jian
Zin
The Shining One


Message History

You feel as though you will be slow longer.
You scratch the hornet.
The hornet is heavily wounded.
The hornet stings you!
You suddenly lose the ability to move!
The hornet stings you but does no damage.
The hornet stings you.
You shrug off the repeated paralysis!
The hornet stings you.
You are poisoned.
You feel as though you will be slow longer.
You can move again.
4239 ||| INVOKING Fiery Armour.
A protective cloak of flame settles atop you.
You feel very sick. The hornet stings you.
You shrug off the repeated paralysis!
You block the hornet's attack.
You barely miss the hornet.
The hornet is heavily wounded.
You feel sick. The hornet stings you.
You feel as though you will be slow longer.
You block the hornet's attack.
You barely miss the hornet.
The hornet is heavily wounded.
You feel sick. You block the hornet's attack. The hornet stings you!
You are more poisoned.
You feel as though you will be slow longer.
The hornet is burned by your cloak of flames.
The hornet is heavily wounded.
4242 ||| READING 2 scrolls of teleportation.
As you read the scroll of teleportation, it crumbles to dust.
You feel strangely unstable.
You feel very sick. You block the hornet's attack.
The hornet completely misses you. The hornet stings you.
You are lethally poisoned!
You feel as though you will be slow longer.
You closely miss the hornet.
The hornet is heavily wounded.
You feel extremely sick. The hornet stings you!
You die...

.......#...#.......#
#.. ...
####...##.##...#####
#...#...#...#
#.>.#.}.#.<.#
#...#...#...#
#####...##### ....
#...# ### #..#
#...#####.# ...#
##.......@# ...
########.y....#..
###..###.# ...##.#
#.##<# .##.#
#......y# #.##.##.#
# #.#


You could see a hornet.

Vanquished Creatures
  Grinder (D:3)
  A water moccasin (D:5)
  A sky beast (D:5)
  2 ice beasts
  2 ogres (D:5)
  A scorpion (D:6)
  2 wights (D:6)
  A jelly (D:5)
  Terence (D:2)
  Jessica (D:2)
  An iguana (D:5)
  Natasha (D:3)
  4 adders
  9 gnolls (D:3)
  A white imp (D:5)
  An ufetubus (D:5)
  A worm (D:2)
  A dart slug (D:5)
  An orc (D:3)
  4 ball pythons
  3 bats (D:1)
  4 endoplasms
  4 giant cockroaches
  15 hobgoblins
  5 jackals
  4 quokkas
  3 frilled lizards
  3 goblins
  39 kobolds
  6 rats
123 creatures vanquished.

Notes
Turn   | Place    | Note
-------+----------+-------------------------------------------
     0 | D:1      | qw the Troll Cinder Acolyte began the quest for the Orb.
     0 | D:1      | Reached XP level 1. HP: 22/22 MP: 1/1
     0 | D:1      | 0 ||| qw: Version: 0.1-a-97-g2dd2ca4
     0 | D:1      | 0 ||| qw: Game counter: 4932
     0 | D:1      | 0 ||| qw: Always use a shield: true
     0 | D:1      | 0 ||| qw: God list: Okawaru
     0 | D:1      | 0 ||| qw: Allow faded altars: false
     0 | D:1      | 0 ||| qw: Do Orc after D:15 true
     0 | D:1      | 0 ||| qw: Do second Lair branch before Depths: true
     0 | D:1      | 0 ||| qw: Lair rune preference: random
     0 | D:1      | 0 ||| qw: Plans: Normal
     0 | D:1      | 0 ||| PLANNING D:1-11
     4 | D:1      | Noticed a vampire
     4 | D:1      | Noticed an elf
     6 | D:1      | Noticed a tengu
     6 | D:1      | Noticed a demonspawn
     8 | D:1      | Noticed a minotaur
     8 | D:1      | Noticed a draconian
    10 | D:1      | Noticed a vine stalker
    10 | D:1      | Noticed a spriggan
    12 | D:1      | Noticed an octopode
    12 | D:1      | Noticed a demigod
    14 | D:1      | Noticed a troll
    14 | D:1      | Noticed a human
    16 | D:1      | Noticed a palentonga
    16 | D:1      | Noticed a formicid
    18 | D:1      | Noticed an ogre
    18 | D:1      | Noticed a meteoran
    20 | D:1      | Noticed a felid
    20 | D:1      | Noticed a ghoul
    22 | D:1      | Noticed a gargoyle
    24 | D:1      | Noticed a naga
    24 | D:1      | Noticed an ogre
    26 | D:1      | Noticed a felid
    26 | D:1      | Noticed an octopode
   200 | D:1      | 200 ||| Stepping ~*~*~tactically~*~*~ (outnumbered).
   219 | D:1      | Reached XP level 2. HP: 29/29 MP: 2/2
   788 | D:1      | 788 ||| READING scroll labelled QEWYRU NERINN.
   789 | D:1      | 789 ||| READING scroll labelled JUOJ NUSUEZ.
   790 | D:1      | 790 ||| READING scroll labelled LIRYFRUTIA.
   793 | D:1      | 793 ||| READING scroll labelled YCKOGA YCONIG.
   794 | D:1      | 794 ||| READING scroll labelled LALIUST CAMOETH.
   795 | D:1      | 795 ||| DRINKING 2 bubbling cyan potions.
   900 | D:1      | 900 ||| DROPPING potion of berserk rage.
  1000 | D:2      | You fall into a shaft and drop 2 floors!
  1006 | D:4      | Identified the +0 leather armour of Instinct {rF+ Will+
                  | Slay-2}
  1040 | D:4      | Found a glowing silver altar of Zin.
  1042 | D:4      | Found a white marble altar of Elyvilon.
  1043 | D:4      | Found a glowing golden altar of the Shining One.
  1055 | D:4      | Reached skill level 4 in Unarmed Combat
  1066 | D:4      | Found an ornate altar of the Wu Jian Council.
  1086 | D:4      | 1086 ||| UPGRADING to ring of protection from fire.
  1087 | D:4      | 1087 ||| READING scroll labelled CAASASS JOFEI.
  1088 | D:4      | 1088 ||| DRINKING 2 black potions.
  1089 | D:4      | 1089 ||| READING scroll of teleportation.
  1324 | D:2      | Noticed Terence
  1330 | D:2      | Killed Terence
  1331 | D:2      | Reached XP level 3. HP: 36/36 MP: 3/3
  1377 | D:2      | Noticed Jessica
  1382 | D:2      | Killed Jessica
  1383 | D:2      | Reached skill level 5 in Unarmed Combat
  1383 | D:2      | Reached XP level 4. HP: 42/44 MP: 4/4
  1683 | D:2      | 1683 ||| UPGRADING to +0 kite shield.
  1688 | D:2      | 1688 ||| UPGRADING to +1 robe of positive energy.
  1698 | D:2      | 1698 ||| DROPPING +0 robe.
  1699 | D:2      | 1699 ||| READING 2 scrolls labelled ONAKAZ NOCZET.
  1860 | D:3      | Noticed Grinder
  1862 | D:3      | Found a shadowy altar of Dithmenos.
  1865 | D:3      | Paralysed by Grinder for 2 turns
  1872 | D:3      | 1872 ||| FLEEEEING.
  1873 | D:3      | 1873 ||| FLEEEEING.
  1874 | D:3      | 1874 ||| FLEEEEING.
  1880 | D:3      | Paralysed by Grinder for 2 turns
  1882 | D:3      | Killed Grinder
  1883 | D:3      | Reached skill level 3 in Shields
  1883 | D:3      | Reached XP level 5. HP: 36/50 MP: 5/5
  1883 | D:3      | Reached XP level 6. HP: 42/59 MP: 6/6
  2089 | D:3      | 2089 ||| FLEEEEING.
  2109 | D:3      | 2109 ||| Stepping ~*~*~tactically~*~*~ (stealth).
  2315 | D:3      | 2315 ||| INVOKING Fiery Armour.
  2318 | D:3      | 2318 ||| Stepping ~*~*~tactically~*~*~ (outnumbered).
  2319 | D:3      | 2319 ||| Stepping ~*~*~tactically~*~*~ (outnumbered).
  2320 | D:3      | 2320 ||| Stepping ~*~*~tactically~*~*~ (outnumbered).
  2328 | D:3      | 2328 ||| Stepping ~*~*~tactically~*~*~ (outnumbered).
  2352 | D:3      | Noticed Natasha
  2358 | D:3      | Killed Natasha
  2370 | D:3      | 2370 ||| Stepping ~*~*~tactically~*~*~ (outnumbered).
  2372 | D:3      | 2372 ||| Stepping ~*~*~tactically~*~*~ (outnumbered).
  2374 | D:3      | 2374 ||| Stepping ~*~*~tactically~*~*~ (outnumbered).
  2424 | D:3      | 2424 ||| INVOKING Fiery Armour.
  2425 | D:3      | 2425 ||| Stepping ~*~*~tactically~*~*~ (outnumbered).
  2426 | D:3      | 2426 ||| Stepping ~*~*~tactically~*~*~ (outnumbered).
  2427 | D:3      | 2427 ||| Stepping ~*~*~tactically~*~*~ (outnumbered).
  2428 | D:3      | 2428 ||| Stepping ~*~*~tactically~*~*~ (outnumbered).
  2429 | D:3      | 2429 ||| Stepping ~*~*~tactically~*~*~ (outnumbered).
  2430 | D:3      | 2430 ||| Stepping ~*~*~tactically~*~*~ (outnumbered).
  2431 | D:3      | 2431 ||| Stepping ~*~*~tactically~*~*~ (outnumbered).
  2432 | D:3      | 2432 ||| Stepping ~*~*~tactically~*~*~ (outnumbered).
  2433 | D:3      | 2433 ||| Stepping ~*~*~tactically~*~*~ (outnumbered).
  2440 | D:3      | 2440 ||| Stepping ~*~*~tactically~*~*~ (outnumbered).
  2443 | D:3      | 2443 ||| Stepping ~*~*~tactically~*~*~ (outnumbered).
  2449 | D:3      | Reached skill level 6 in Unarmed Combat
  2485 | D:3      | 2485 ||| Stepping ~*~*~tactically~*~*~ (outnumbered).
  2486 | D:3      | 2486 ||| Stepping ~*~*~tactically~*~*~ (outnumbered).
  2524 | D:3      | 2524 ||| Stepping ~*~*~tactically~*~*~ (stealth).
  2526 | D:3      | 2526 ||| Stepping ~*~*~tactically~*~*~ (stealth).
  2541 | D:3      | 2541 ||| Stepping ~*~*~tactically~*~*~ (stealth).
  2574 | D:3      | Reached skill level 1 in Throwing
  2780 | D:3      | 2780 ||| DRINKING 2 metallic blue potions.
  2806 | D:3      | 2806 ||| DROPPING potion of lignification.
  2866 | D:4      | Identified the +7 trident of Conflict {vamp, rN+ Str+2
                  | Dex-5}
  2876 | D:4      | Identified the +5 spear of Action {vorpal, Str+5 Dex+3}
  3279 | D:4      | 3279 ||| UPGRADING to ring of willpower.
  3280 | D:4      | 3280 ||| DRINKING 2 metallic coppery potions.
  3280 | D:4      | Gained mutation: Your muscles are strong. (Str +4, Int/Dex
                  | -1) [potion of mutation]
  3280 | D:4      | Gained mutation: You are partially covered in large bone
                  | plates. (SH +4) [potion of mutation]
  3280 | D:4      | Gained mutation: Your flesh is heat resistant. (rF+)
                  | [potion of mutation]
  3281 | D:4      | 3281 ||| READING 2 scrolls of identify.
  3281 | D:4      | 3281 ||| IDENTIFYING emerald potion
  3288 | D:5      | Entered Level 5 of the Dungeon
  3294 | D:5      | Identified the +1 scale mail "Jeyp" {rF- Dex+6}
  3310 | D:5      | Reached XP level 7. HP: 66/66 MP: 7/7
  3314 | D:5      | 3314 ||| Stepping ~*~*~tactically~*~*~ (hiding).
  3623 | D:5      | Reached skill level 7 in Unarmed Combat
  3633 | D:5      | 3633 ||| Stepping ~*~*~tactically~*~*~ (hiding).
  3635 | D:5      | 3635 ||| Stepping ~*~*~tactically~*~*~ (hiding).
  3637 | D:5      | 3637 ||| Stepping ~*~*~tactically~*~*~ (hiding).
  3639 | D:5      | 3639 ||| Stepping ~*~*~tactically~*~*~ (hiding).
  3787 | D:5      | Reached XP level 8. HP: 74/74 MP: 8/8
  3938 | D:5      | 3938 ||| UPGRADING to +0 cloak.
  3943 | D:5      | 3943 ||| DROPPING ring of magical power.
  4007 | D:6      | Noticed a hornet
  4011 | D:6      | Paralysed by a hornet for 2 turns
  4017 | D:6      | 4017 ||| INVOKING Fiery Armour.
  4018 | D:6      | HP: 17/74 [hornet (4)]
  4019 | D:6      | 4019 ||| READING 3 scrolls of teleportation.
  4019 | D:6      | HP: 6/74 [hornet (10)]
  4019 | D:6      | Paralysed by a hornet for 1 turns
  4020 | D:6      | 4020 ||| DRINKING potion of heal wounds.
  4021 | D:6      | 4021 ||| READING 2 scrolls of teleportation.
  4023 | D:6      | Reached skill level 6 in Shields
  4024 | D:6      | HP: 11/74 [poisoned by a hornet]
  4227 | D:6      | 4227 ||| Stepping ~*~*~tactically~*~*~ (stealth).
  4233 | D:6      | Paralysed by a hornet for 1 turns
  4237 | D:6      | Paralysed by a hornet for 2 turns
  4239 | D:6      | 4239 ||| INVOKING Fiery Armour.
  4241 | D:6      | HP: 16/74 [hornet (8)]
  4242 | D:6      | 4242 ||| READING 2 scrolls of teleportation.
  4242 | D:6      | HP: 6/74 [hornet (6)]
  4243 | D:6      | HP: 1/74 [poisoned by a hornet]
  4243 | D:6      | Mangled by a hornet

Levels and vault maps discovered:
D:1:      kb_arrival_jail, layout_basic, minmay_pentomino_r4
D:2:      layout_loops_ring, uniq_jessica, uniq_terence
D:3:      minmay_goblin_kobold_castle, layout_loops_cross,
          grunt_dithmenos_smoke_and_mirrors, kennysheep_decorative_pillar,
          uniq_grinder, uniq_natasha
D:4:      layout_cave_pools, good_gods_temple_1, mainiacjoe_overflow_alcove_1
D:5:      layout_gridville, nicolae_zen_rock_garden, kennysheep_big_empty_room
D:6:      layout_loops_cross, serial_shops, shop, nicolae_shop_hallway_plus,
          nicolae_elevator_lobby_plus

Skill      XL: |  1  2  3  4  5  6  7  8 |
---------------+-------------------------+-----
Unarmed Combat | 4 5 6 7 |  7.8
Shields        | 3 4 5 6 |  6.1
Throwing       | 1 |  1.0
Fighting       | |  2.4
Spellcasting   | |  1.0
Fire Magic     | |  2.1

Action                   |  1- 3 |  4- 6 |  7- 9 || total
-------------------------+-------+-------+-------++-------
Melee: Unarmed           |    64 |   185 |    66 ||   315
Throw: Boomerang         |       |    43 |    22 ||    65
Invok: Fiery Armour      |       |     2 |     2 ||     4
  Use: Scroll            |     7 |     2 |     3 ||    12
       Potion            |     2 |     2 |     1 ||     5
Armor: Robe              |    24 |    75 |    10 ||   109
Dodge: Dodged            |    23 |    50 |    14 ||    87
Block: Kite shield       |       |    65 |    30 ||    95

Table legend:
 A = Non-vault XP
 B = Vault XP
 C = Vault XP percentage of total XP
 D = Non-vault monster count
 E = Vault monster count
 F = Vault count percentage of total count
                 A         B        C        D         E       F
            +---------+---------+-------+---------+---------+-------
      Total |    1251 |     566 |  31.2 |      72 |      51 |  41.5
            +---------+---------+-------+---------+---------+-------
        D:1 |      20 |       5 |  20.0 |      12 |       3 |  20.0
        D:2 |      13 |      75 |  85.2 |       7 |       2 |  22.2
        D:3 |      64 |     486 |  88.4 |      24 |      46 |  65.7
        D:4 |      45 |       0 |   0.0 |      13 |       0 |   0.0
        D:5 |     738 |       0 |   0.0 |      11 |       0 |   0.0
        D:6 |     371 |       0 |   0.0 |       5 |       0 |   0.0
            +---------+---------+-------+---------+---------+-------
